 Dungeon Crawl Stone Soup version 0.31-a0-818-ge7c7cf74f0 (webtiles) character file.

Game seed: 17652021200170911985

245 Essalna the Digger (level 5, -4/39 HPs)
             Began as a Demonspawn Earth Elementalist on Sept 23, 2023.
             Slain by Ijyb
             ... wielding a +0 dagger
              (6 damage)
             ... on level 3 of the Dungeon.
             The game lasted 00:05:31 (3363 turns).

Essalna the Digger (Demonspawn Earth Elementalist)  Turns: 3363, Time: 00:05:32

Health: -4/39      AC:  5    Str:  8    XL:     5   Next: 84%
Magic:  10/10      EV: 12    Int: 18    God:
Gold:   216        SH:  0    Dex: 20    Spells: 6/11 levels left

rFire   . . .        m - +1 falchion (elec)
rCold   . . .        (no shield)
rNeg    . . .        a - +0 robe
rPois   .            r - +0 helmet
rElec   .            (no cloak)
rCorr   .            (no gloves)
SInv    .            (no boots)
Will    .....        (no amulet)
Stlth   ++           q - +6 ring of dexterity
HPRegen 0.26/turn    (no ring)
MPRegen 0.12/turn

%: no passive effects
@: no status effects
A: rugged brown scales 2, powered by death 1
a: no special abilities


You were on level 3 of the Dungeon.
You visited 1 branch of the dungeon, and saw 3 of its levels.

You collected 216 gold pieces.

Inventory:

Hand Weapons
 h - a +3 short sword
 m - a +1 falchion of electrocution (weapon)
 o - a +2 dagger of venom
Armour
 a - a +0 robe (worn)
 r - a +0 helmet (worn)
Jewellery
 q - a +6 ring of dexterity (left hand)
Scrolls
 c - a scroll of poison {unknown}
 d - 3 scrolls of teleportation {unknown}
 f - a scroll of amnesia {unknown}
 g - a scroll of identify {unknown}
 j - a scroll of silence {unknown}
 k - a scroll of blinking {unknown}
 l - a scroll of immolation {unknown}
 s - a scroll of enchant armour {unknown}
Potions
 e - 3 potions of curing {unknown}
 i - a potion of haste {unknown}
 n - 2 potions of berserk rage {unknown}
 p - 2 potions of might {unknown}


   Skills:
 + Level 2.1 Fighting
 + Level 0.0 Armour
 + Level 1.7 Dodging
 - Level 1.7 Stealth
 + Level 3.9 Spellcasting
 + Level 0.0 Conjurations
 - Level 0.8 Transmutations
 + Level 4.3 Earth Magic


You had 6 spell levels left.
You knew the following spells:

 Your Spells              Type           Power      Damage    Failure   Level
a - Sandblast             Erth           38%        2d10      2%          1
b - Brom's Barrelling Bo  Conj/Erth      11%        2d3       52%         4

Your spell library contained the following spells:

 Spells                   Type           Power      Damage    Failure   Level
 Passwall                 Tmut/Erth      10%        N/A       8%          2
 Slow                     Hex            12%        N/A       16%         1
 Stone Arrow              Conj/Erth      22%        3d8       19%         3
 Blink                    Tloc           6%         N/A       22%         2
 Lesser Beckoning         Tloc           6%         N/A       22%         2
 Momentum Strike          Conj/Tloc      6%         3d8       22%         2
 Confusing Touch          Hex            3%         N/A       41%         3
 Ozocubu's Armour         Ice            3%         N/A       41%         3
 Sigil of Binding         Hex            3%         N/A       41%         3
 Tukima's Dance           Hex            3%         N/A       41%         3
 Vampiric Draining        Necr           3%         2d6       41%         3
 Petrify                  Tmut/Erth      13%        N/A       45%         4
 Dimensional Bullseye     Hex/Tloc       1%         N/A       83%         4
 Iskenderun's Mystic Bla  Conj/Tloc      3%         2d3       83%         4
 Manifold Assault         Tloc           3%         N/A       83%         4
 Metabolic Englaciation   Hex/Ice        1%         N/A       99%         5
 Simulacrum               Ice/Necr       1%         N/A       100%        6


Dungeon Overview and Level Annotations

Branches:
Dungeon (3/15)

Altars:
Ru

Annotations:
D:3 Ijyb


Innate Abilities, Weirdness & Mutations

You are mostly covered in rugged brown scales. (AC +2, +5% HP)
You regenerate a little health from kills.


Message History

Casting: Sandblast (safe; 2% risk of failure)
Confirm with . or Enter, or press ? or * to list all spells.
Aiming: Sandblast (safe; 2% risk of failure)
Press: ? - help, Shift-Dir - straight line, f/p - Ijyb
Aim: Ijyb, wielding a +0 dagger, wearing a +2 leather armour of cold resistance and carrying a wand of roots (heavily wounded, 77% to hit)
The blast of sand hits Ijyb.
Ijyb is severely wounded.
Ijyb screams, "Me stronger than you!" Ijyb hits you but does no damage.
Ijyb misses you.
Casting: Sandblast (safe; 2% risk of failure)
Confirm with . or Enter, or press ? or * to list all spells.
Aiming: Sandblast (safe; 2% risk of failure)
Press: ? - help, Shift-Dir - straight line, f/p - Ijyb
Aim: Ijyb, wielding a +0 dagger, wearing a +2 leather armour of cold resistance and carrying a wand of roots (severely wounded, 77% to hit)
The blast of sand hits Ijyb but does no damage.
Ijyb is severely wounded.
Ijyb hits you but does no damage.
Casting: Sandblast (safe; 2% risk of failure)
Confirm with . or Enter, or press ? or * to list all spells.
Aiming: Sandblast (safe; 2% risk of failure)
Press: ? - help, Shift-Dir - straight line, f/p - Ijyb
Aim: Ijyb, wielding a +0 dagger, wearing a +2 leather armour of cold resistance and carrying a wand of roots (severely wounded, 77% to hit)
The blast of sand hits Ijyb but does no damage.
Ijyb is severely wounded.
Ijyb hits you with a +0 dagger.
* * * LOW HITPOINT WARNING * * *
Ijyb hits you with a +0 dagger.
* * * LOW HITPOINT WARNING * * *
Your magical contamination has completely faded away.
Casting: Sandblast (safe; 2% risk of failure)
Confirm with . or Enter, or press ? or * to list all spells.
Aiming: Sandblast (safe; 2% risk of failure)
Press: ? - help, Shift-Dir - straight line, f/p - Ijyb
Aim: Ijyb, wielding a +0 dagger, wearing a +2 leather armour of cold resistance and carrying a wand of roots (severely wounded, 77% to hit)
The blast of sand hits Ijyb.
Ijyb is almost dead.
Ijyb hits you with a +0 dagger.
* * * LOW HITPOINT WARNING * * *
Magic courses through your body. Ijyb hits you with a +0 dagger.
You die...

# #.# #.######### # ###
#.# # #######.#
##≈≈#≈≈### #≈≈...≈≈#
#≈.....≈# ##.......###
...........#########.##
###.######.#....@g†...#
..#........#.##########
#.#..#.....#.#
..#..#.###.#.#
###.)#.###.#.#########
..)..#.#<#.#.#.......#
.##.##.#.#.#.#.#####.#
.##.##.#.#.#.#.# #.#
.##.##.#.#.#.#.# #.#


You could see Ijyb.

Vanquished Creatures
  Jessica (D:3)
  2 orc wizards (D:3)
  8 adders
  A white imp (D:3)
  4 worms (D:2)
  A dart slug (D:3)
  6 orcs (D:3)
  6 ball pythons
  4 bats
  5 endoplasms
  5 giant cockroaches
  3 goblins
  9 hobgoblins
  4 jackals (D:2)
  2 quokkas (D:2)
  6 frilled lizards
  6 kobolds
  4 rats
77 creatures vanquished.

Notes
Turn   | Place    | Note
-------+----------+-------------------------------------------
     0 | D:1      | Essalna the Demonspawn Earth Elementalist began the quest
                  | for the Orb.
     0 | D:1      | Reached XP level 1. HP: 13/13 MP: 3/3
   261 | D:1      | Reached skill level 3 in Earth Magic
   303 | D:1      | Gained mutation: You are partially covered in rugged brown
                  | scales. (AC +1, +3% HP) [demonic ancestry]
   303 | D:1      | Reached XP level 2. HP: 13/19 MP: 1/5
   929 | D:2      | Reached XP level 3. HP: 13/24 MP: 2/7
  1217 | D:2      | Gained mutation: You regenerate a little health from kills.
                  | [demonic ancestry]
  1217 | D:2      | Reached XP level 4. HP: 30/30 MP: 2/8
  2140 | D:3      | Noticed Jessica
  2142 | D:3      | Killed Jessica
  2143 | D:3      | Reached skill level 1 in Fighting
  2143 | D:3      | Reached skill level 4 in Earth Magic
  2252 | D:3      | Gained mutation: You are mostly covered in rugged brown
                  | scales. (AC +2, +5% HP) [demonic ancestry]
  2252 | D:3      | Reached XP level 5. HP: 32/38 MP: 6/10
  2387 | D:3      | Found a sacrificial altar of Ru.
  3238 | D:3      | Learned a level 4 spell: Brom's Barrelling Boulder
  3347 | D:3      | Noticed Ijyb
  3363 | D:3      | Slain by Ijyb

Illustrated notes

Levels and vault maps discovered:
D:1:      spicycebolla_arrival_ecumenical, layout_rooms
D:2:      wad_pebble_path, layout_basic, minmay_increasing_density
D:3:      layout_basic, nicolae_ru_great_annihilating_truth, kennysheep_nub,
          grunt_ministairs_8, minmay_misc_feat_pillars, minivault_25,
          feat_on_display, uniq_jessica, uniq_ijyb

Skill      XL: |  1  2  3  4  5 |
---------------+----------------+-----
Earth Magic    | 3 4 |  4.3
Spellcasting   | 3 |  3.9
Fighting       | 1 2 |  2.1
Dodging        | |  1.7
Stealth        | |  1.7
Transmutations | |  0.8

Action                     |  1- 3 |  4- 6 || total
---------------------------+-------+-------++-------
  Melee: Unarmed           |     1 |       ||     1
         Short sword       |    16 |       ||    16
         Punch             |     1 |       ||     1
         Falchion          |       |     9 ||     9
   Cast: Sandblast         |    53 |    68 ||   121
    Use: Potion            |       |     1 ||     1
 Armour: Robe              |    22 |    35 ||    57
  Dodge: Dodged            |    26 |    13 ||    39

Table legend: (Time is in decaauts)
 A = Elapsed time spent in this place.
 B = Non-inter-level travel time spent in this place.
 C = Inter-level travel time spent in this place.
 D = Time resting spent in this place.
 E = Time spent auto-exploring this place.
 F = Levels seen in this place.
 G = Mean time per level.
                   A        B        C        D        E       F      G
               +--------+--------+--------+--------+--------+-----+--------+
         Total |   3424 |   3364 |     60 |      0 |   2901 |   3 | 1141.3 |
       Dungeon |   3424 |   3364 |     60 |      0 |   2901 |   3 | 1141.3 |
               +--------+--------+--------+--------+--------+-----+--------+

Top non-repeatable levels by time:
     D:3: 1521 daAuts
     D:2: 1187 daAuts
     D:1: 715 daAuts
